 Dungeon Crawl Stone Soup version 0.27.1-35-g4d5d836560 (webtiles) character file.

Game seed: 10706931113291630475

30 croobank the Skirmisher (level 3, 0/29 HPs)
             Began as a Demonspawn Abyssal Knight on Oct 27, 2022.
             Was a Believer of Lugonu.
             Succumbed to an adder's poison
             ... on level 2 of the Dungeon.
             The game lasted 00:04:43 (1781 turns).

croobank the Skirmisher (Demonspawn Abyssal Knight) Turns: 1781, Time: 00:04:44

Health: 0/29       AC:  3    Str: 13    XL:     3   Next: 3%
Magic:  5/5        EV: 11    Int: 13    God:    Lugonu [**....]
Gold:   47         SH:  0    Dex: 18    Spells: 2/2 levels left

rFire    . . .     SeeInvis .   a - +1 hand axe
rCold    . . .     Faith    .   (no shield)
rNeg     . . .     Spirit   .   b - +0 leather armour
rPois    .         Reflect  .   (helmet restricted)
rElec    .         Harm     .   (no cloak)
rCorr    .         Rampage  .   (no gloves)
Will     .....                  (no boots)
Stlth    +.........             (no amulet)
HPRegen  0.09/turn              d - +6 ring of dexterity
MPRegen  0.09/turn              (no ring)

@: lethally poisoned (0 -> -6)
A: antennae 1, claws 1
a: Renounce Religion, Depart the Abyss, Bend Space


You were on level 2 of the Dungeon.
You worshipped Lugonu.
Lugonu was pleased with you.
You visited 1 branch of the dungeon, and saw 2 of its levels.
You visited the Abyss 1 time.

You collected 47 gold pieces.

Inventory:

Hand Weapons
 a - a +1 hand axe (weapon)
Armour
 b - a +0 leather armour (worn)
Magical Staves
 e - a staff of fire
Jewellery
 d - a +6 ring of dexterity (left claw)


   Skills:
 + Level 3.2 Fighting
 + Level 2.1 Axes
 + Level 2.1 Armour
 + Level 1.3 Dodging
 + Level 2.9 Invocations


You had 2 spell levels left.
You didn't know any spells.
Your spell library was empty.

Dungeon Overview and Level Annotations

Branches:
Dungeon (2/15)

Altars:

Shops:
D:2 [


Innate Abilities, Weirdness & Mutations

You have a pair of small antennae on your head.
You have sharp fingernails.


Message History

The adder completely misses you. The adder bites you.
You are poisoned.
The adder poisons you!
You completely miss the adder.
The adder is moderately wounded.
You feel sick. The adder bites you but does no damage.
You barely miss the adder.
The adder is moderately wounded.
You feel sick. The adder barely misses you. The adder bites you.
You are more poisoned.
The adder poisons you!
You hit the adder but do no damage.
The adder is moderately wounded.
You feel sick. The adder closely misses you.
It was a potion of magic.
Magic courses through your body.
You feel sick. The adder bites you. x2
* * * LOW HITPOINT WARNING * * *
As you read the scroll labelled PUCZIOMUDA, it crumbles to dust.
It is a scroll of identify.
You don't have any unidentified items.
You feel sick. The adder closely misses you.
Press: ? - help, v - describe, . - travel
Here: an adder (moderately wounded)
The floor, spattered with blood.
You feel sick.
You feel sick.
You feel sick.
You are no longer poisoned.
The adder barely misses you. The adder barely misses you. The adder bites you.
* * * LOW HITPOINT WARNING * * *
You are lethally poisoned!
The adder poisons you!
You aren't carrying any potions.
Unknown command.
Okay, then.
You miss the adder.
The adder is moderately wounded.
You die...

#.......##..####.#
#.#..##.........∩#
#.#..#####..######
#.#.........#
#....######.#
###### #.# #.#
#########.######
##
#....@S........#
.#
.......##...####.#
.#
.##.##.##....### #
.# #
#........^#.## .#
.#####....#.....
.# ...
..............##
.# #.#.#
#.######.###### .#
#.#.# #.# #.# ##
#.#.# #.# ##'##


You could see an adder.

Vanquished Creatures
  A dart slug (D:2)
  5 endoplasms
  2 giant cockroaches
  3 goblins (D:1)
  2 hobgoblins
  A quokka (D:2)
  5 ball pythons
  2 bats
  3 frilled lizards
  3 rats
27 creatures vanquished.

Notes
Turn   | Place    | Note
-------+----------+-------------------------------------------
     0 | Abyss:1  | croobank the Demonspawn Abyssal Knight began the quest for
                  | the Orb.
     0 | Abyss:1  | Reached XP level 1. HP: 18/18 MP: 2/2
    27 | D:1      | Escaped the Abyss
   178 | D:1      | Reached skill level 1 in Dodging
   523 | D:1      | Gained mutation: You have sharp fingernails. [demonic
                  | ancestry]
   523 | D:1      | Reached XP level 2. HP: 20/24 MP: 4/4
  1092 | D:2      | Reached ** piety under Lugonu
  1578 | D:2      | Found Nibb's Armour Emporium.
  1649 | D:2      | Gained mutation: You have a pair of small antennae on your
                  | head. [demonic ancestry]
  1649 | D:2      | Reached XP level 3. HP: 23/29 MP: 5/5
  1781 | D:2      | Succumbed to an adder's poison

Illustrated notes

Levels and vault maps discovered:
D:1:      dpeg_arrival_arbitrary_b, layout_basic, minmay_misc_feat_four_crosses,
          feat_on_display
D:2:      layout_loops_corners, serial_shops, shop,
          dreamdust_ecumenical_altar_statues

Skill      XL: |  1  2 |
---------------+-------+-----
Dodging        | 1 |  1.3
Axes           | 2 |  2.1
Armour         | 2 |  2.1
Fighting       | |  3.2
Invocations    | |  2.9

Action                   || total
-------------------------++-------
Melee: Hand axe          ||    79
  Use: Scroll            ||     2
       Potion            ||     1
 Stab: Sleeping          ||     1
Armor: Leather armour    ||    30
Dodge: Dodged            ||    60
